Wolfes vs Gangsters
Created - April 9, 2020 at 19:07
Goals
|
| Wolfes |
1 |
1 |
1 |
3 |
| Gangsters |
0 |
1 |
0 |
1 |
|
Shots
|
| Wolfes |
12 |
10 |
12 |
34 |
| Gangsters |
19 |
5 |
4 |
28 |
|
1st period
1. Wolfes , Benn Ferriero 24 (Chris Tierney 39) at 14:30
Penalties :
Joe Morrow (RIM) for Tripping (Minor) at 2:49, Julius Vahatalo (Bro) for Interference (Minor) at 7:44
2nd period
2. Wolfes , Scott Timmins 15 (Alexandre Grenier 42, Michael Stone 39) at 1:36
3. Gangsters , Samuel Blais 7 (Stefan Noesen 20, Brett Ponich 34) at 14:00
Penalties :
Adam Lowry (Bro) for Roughing (Double Minor) at 6:26, Michael Stone (RIM) for Elbowing (Minor) at 16:41
3rd period
4. Wolfes , Anton Lindholm 2 (Alexandre Grenier 43, Chris Tierney 40) at 19:47 (Empty Net)
Penalties :
Anton Lindholm (RIM) for Hooking (Minor) at 6:24
Goalie Stats
Laurent Brossoit (RIM), 27 saves from 28 shots - (0.964), W, 28-20-3, 60:00 minutes
Dustin Tokarski (Bro), 31 saves from 33 shots - (0.939), L, 28-23-3, 59:31 minutes
Players Stats for Wolfes
Player Name G A P +/- PIM S H SB GA TA FO MP PP MP PK MP
------------------------------------------------------------------------------------
Alexandre Grenier 0 2 2 2 0 2 2 0 0 0 0/1 16:54 0:56 2:55
Anton Karlsson 0 0 0 1 0 1 1 0 0 0 0/1 13:06 2:23 0:00
Anton Lindholm 1 0 1 2 2 1 1 3 0 2 0/0 20:25 0:31 1:59
Benn Ferriero 1 0 1 1 0 3 0 0 0 0 1/1 17:19 2:29 2:59
Blake Pietila 0 0 0 1 0 3 0 0 1 0 0/0 14:27 2:37 0:00
Chris Tierney 0 2 2 2 0 2 2 1 1 0 11/19 17:10 2:38 2:55
Jamie Oleksiak 0 0 0 -1 0 0 1 2 0 2 0/0 20:54 2:11 2:26
Jeffrey Foss 0 0 0 -1 0 2 1 2 1 1 0/0 21:00 2:11 2:36
Joe Morrow 0 0 0 2 2 1 2 1 1 0 0/0 19:54 3:16 0:00
Kyle Rau 0 0 0 -1 0 3 1 0 0 0 5/7 11:30 0:00 0:00
Martin Hanzal 0 0 0 0 0 2 1 0 1 0 8/16 17:37 2:30 2:57
Michael Stone 0 1 1 1 2 1 2 0 0 0 0/0 19:47 3:16 1:32
Scott Timmins 1 0 1 1 0 2 0 0 0 1 6/8 12:34 0:27 0:00
Sergei Plotnikov 0 0 0 1 0 6 1 2 0 0 0/1 15:01 2:30 0:00
Victor Olofsson 0 0 0 0 0 0 0 0 0 0 0/2 12:10 0:47 0:00
Vladimir Zharkov 0 0 0 -1 0 3 0 1 2 0 1/2 11:56 0:00 0:00
Wes O'Neill 0 0 0 1 0 0 0 1 1 0 0/0 19:38 0:31 3:21
Zachary Sanford 0 0 0 -1 0 2 0 1 1 0 0/0 12:38 0:37 0:08
Players Stats for Gangsters
Player Name G A P +/- PIM S H SB GA TA FO MP PP MP PK MP
------------------------------------------------------------------------------------
Adam Lowry 0 0 0 0 4 0 2 1 0 1 8/15 16:06 2:30 0:00
Brett Ponich 0 1 1 -3 0 4 0 4 0 0 0/0 27:12 3:44 3:13
Connor Chatam 0 0 0 -1 0 0 1 0 0 0 0/1 4:05 0:21 0:00
David Pope 0 0 0 -2 0 2 1 0 0 0 0/1 21:03 3:18 1:56
Derrick Pouliot 0 0 0 0 0 1 1 0 0 1 0/0 13:43 0:00 0:19
Devante Smith-Pelly 0 0 0 0 0 1 0 3 0 0 1/1 18:31 2:30 2:35
Jake Marchment 0 0 0 0 0 0 1 1 0 0 2/5 12:41 0:00 0:00
Jonas Brodin 0 0 0 1 0 2 0 0 0 0 0/0 19:05 2:13 2:26
Julius Vahatalo 0 0 0 0 2 0 1 0 0 0 0/0 6:01 0:00 0:00
Kevin Roy 0 0 0 -2 0 2 1 0 0 1 12/28 19:04 3:15 0:29
Matt Delahey 0 0 0 -3 0 2 0 2 1 2 0/0 27:12 3:44 3:13
Morgan Ellis 0 0 0 1 0 1 2 0 1 2 0/0 19:05 2:13 2:26
Phillip Danault 0 0 0 0 0 3 2 0 1 0 1/1 17:37 2:30 1:27
Richard Panik 0 0 0 -1 0 4 2 0 1 2 1/4 23:53 3:18 2:35
Ryan Culkin 0 0 0 0 0 1 0 0 0 0 0/0 13:43 0:00 0:19
Samuel Blais 1 0 1 0 0 1 0 0 1 0 1/1 14:11 0:00 1:08
Sebastian Collberg 0 0 0 0 0 0 0 0 0 0 0/1 6:07 0:09 0:00
Stefan Noesen 0 1 1 0 0 4 1 1 1 0 0/0 14:41 0:00 1:46
3 Stars
1 - Laurent Brossoit (RIM)
2 - Chris Tierney (RIM)
3 - Alexandre Grenier (RIM)
Power Play
Wolfes - 0 on 3 Attempt(s) - 0.00%
Gangsters - 0 on 3 Attempt(s) - 0.00%
Penalty Kill
Wolfes - 3 on 3 Attempt(s) - 100.00%
- Score 0 goal in Penalty Kill
Gangsters - 3 on 3 Attempt(s) - 100.00%
- Score 0 goal in Penalty Kill
Team Stat
Wolfes - Hits : 15 - Faceoff Wins : 32 - Blocked Shots : 14 - Penalty Minutes : 6
Gangsters - Hits : 15 - Faceoff Wins : 26 - Blocked Shots : 12 - Penalty Minutes : 6
Official
Referees : Unknown
Linesman : Unknown
Game Notes
Anton Lindholm has scored in a empty net!
Finance
Level 1 -- Attendance: 1403 (70.15%) -- Ticket Income $56,120
Level 2 -- Attendance: 680 (68.00%) -- Ticket Income $13,600
Total Attendance: 2083 (69.43%)
Total Ticket Income: $69,720
Other Income: $3,486
Total Income: $73,206
Wolfes
5 vs 5 Forward
Center Left Wing Right Wing Time % Phy DF OF
1 Chris Tierney Anton Karlsson Benn Ferriero 25 1 2 2
2 Scott Timmins Blake Pietila Alexandre Grenier 25 1 2 2
3 Martin Hanzal Sergei Plotnikov Victor Olofsson 25 1 2 2
4 Kyle Rau Zachary Sanford Vladimir Zharkov 25 1 2 2
5 vs 5 Defense
Defense Defense Time % Phy DF OF
1 Wes O'Neill Michael Stone 30 1 2 2
2 Joe Morrow Anton Lindholm 30 1 2 2
3 Jamie Oleksiak Jeffrey Foss 30 1 2 2
4 Joe Morrow Anton Lindholm 10 1 2 2
PowerPlay Forward
Center Left Wing Right Wing Time % Phy DF OF
1 Chris Tierney Blake Pietila Anton Karlsson 50 1 2 2
2 Martin Hanzal Sergei Plotnikov Benn Ferriero 50 1 2 2
PowerPlay Defense
Defense Defense Time % Phy DF OF
1 Michael Stone Joe Morrow 60 1 2 2
2 Jeffrey Foss Jamie Oleksiak 40 1 2 2
Penalty Kill 4 Players Forward
Center Wing Time % Phy DF OF
1 Chris Tierney Alexandre Grenier 50 1 2 2
2 Martin Hanzal Benn Ferriero 50 1 2 2
Penalty Kill 4 Players Defense
Defense Defense Time % Phy DF OF
1 Anton Lindholm Wes O'Neill 50 1 2 2
2 Jeffrey Foss Michael Stone 50 1 2 2
Penalty Kill - 3 Players Forward
Forward Time % Phy DF OF
1 Martin Hanzal 50 1 2 2
2 Chris Tierney 50 1 2 2
Penalty Kill - 3 Players Defense
Defense Defense Time % Phy DF OF
1 Anton Lindholm Michael Stone 60 1 2 2
2 Wes O'Neill Joe Morrow 40 1 2 2
4 vs 4 Forward
Center Wing Time % Phy DF OF
1 Martin Hanzal Victor Olofsson 50 1 2 2
2 Chris Tierney Anton Karlsson 50 1 2 2
4 vs 4 Defense
Defense Defense Time % Phy DF OF
1 Joe Morrow Anton Lindholm 50 1 2 2
2 Wes O'Neill Jamie Oleksiak 50 1 2 2
Last Minutes Offensive
Center Left Wing Right Wing Defense Defense
Martin Hanzal Blake Pietila Victor Olofsson Jamie Oleksiak Joe Morrow
Last Minutes Defensive
Center Left Wing Right Wing Defense Defense
Chris Tierney Sergei Plotnikov Alexandre Grenier Anton Lindholm Joe Morrow
Goaltenders
Starting : Laurent Brossoit
Backup : Jeremy Smith
Extra Forwards
Normal : Vladimir Zharkov, Kyle Rau, Zachary Sanford - PP : Victor Olofsson, Benn Ferriero - PK : Zachary Sanford
Extra Defensemen
Normal : Joe Morrow, Anton Lindholm, Michael Stone - PP : Anton Lindholm - PK : Anton Lindholm, Wes O'Neill
Penalty Shots
Benn Ferriero, Victor Olofsson, Alexandre Grenier, Blake Pietila, Sergei Plotnikov
Scratches
Christophe Lalancette (Healthy), Charles-Olivier Roussel (Healthy), Klas Dahlbeck (Healthy), Matt Grzelcyk (Healthy), Remi Elie (Healthy)
Jyrki Jokipakka (Healthy), Thomas Spelling (Healthy), Nicolas Deschamps (Healthy), Angelo Esposito (Healthy), Pavel Kraskovsky (Healthy)
Louis Belpedio (Healthy), Jacob Lagacé (Healthy), Cameron Darcy (Healthy), Joonas Lyytinen (Healthy), Fredrik Olofsson (Healthy)
Nolan Vesey (Healthy), Vaclav Karabacek (Healthy), Kyle Pettit (Healthy), Dylan Sadowy (Healthy), Ebbe Siönäs (Healthy)
Sami Aittokallio (Healthy)
Gangsters
5 vs 5 Forward
Center Left Wing Right Wing Time % Phy DF OF
1 Kevin Roy David Pope Richard Panik 40 1 2 2
2 Adam Lowry Phillip Danault Devante Smith-Pelly 30 1 2 2
3 Jake Marchment Samuel Blais Stefan Noesen 20 1 2 2
4 Richard Panik Julius Vahatalo Sebastian Collberg 10 1 2 2
5 vs 5 Defense
Defense Defense Time % Phy DF OF
1 Matt Delahey Brett Ponich 40 1 2 2
2 Morgan Ellis Jonas Brodin 30 1 2 2
3 Derrick Pouliot Ryan Culkin 20 1 2 2
4 Matt Delahey Brett Ponich 10 1 2 2
PowerPlay Forward
Center Left Wing Right Wing Time % Phy DF OF
1 Kevin Roy David Pope Richard Panik 60 1 2 2
2 Adam Lowry Phillip Danault Devante Smith-Pelly 40 1 2 2
PowerPlay Defense
Defense Defense Time % Phy DF OF
1 Matt Delahey Brett Ponich 60 1 2 2
2 Morgan Ellis Jonas Brodin 40 1 2 2
Penalty Kill 4 Players Forward
Center Wing Time % Phy DF OF
1 Richard Panik Devante Smith-Pelly 60 1 2 2
2 Stefan Noesen David Pope 40 1 2 2
Penalty Kill 4 Players Defense
Defense Defense Time % Phy DF OF
1 Matt Delahey Brett Ponich 60 1 2 2
2 Morgan Ellis Jonas Brodin 40 1 2 2
Penalty Kill - 3 Players Forward
Forward Time % Phy DF OF
1 Richard Panik 60 1 2 2
2 Devante Smith-Pelly 40 1 2 2
Penalty Kill - 3 Players Defense
Defense Defense Time % Phy DF OF
1 Matt Delahey Brett Ponich 60 1 2 2
2 Morgan Ellis Jonas Brodin 40 1 2 2
4 vs 4 Forward
Center Wing Time % Phy DF OF
1 Richard Panik Devante Smith-Pelly 60 1 2 2
2 Stefan Noesen David Pope 40 1 2 2
4 vs 4 Defense
Defense Defense Time % Phy DF OF
1 Matt Delahey Brett Ponich 60 1 2 2
2 Morgan Ellis Jonas Brodin 40 1 2 2
Last Minutes Offensive
Center Left Wing Right Wing Defense Defense
Kevin Roy David Pope Richard Panik Matt Delahey Brett Ponich
Last Minutes Defensive
Center Left Wing Right Wing Defense Defense
Kevin Roy David Pope Richard Panik Matt Delahey Brett Ponich
Goaltenders
Starting : Dustin Tokarski
Backup : Jordan Binnington
Extra Forwards
Normal : Connor Chatam, Sebastian Collberg, Samuel Blais - PP : Connor Chatam, Sebastian Collberg - PK : Samuel Blais
Extra Defensemen
Normal : Derrick Pouliot, Ryan Culkin, Morgan Ellis - PP : Derrick Pouliot - PK : Ryan Culkin, Morgan Ellis
Penalty Shots
Richard Panik, Devante Smith-Pelly, Stefan Noesen, David Pope, Phillip Danault
Scratches
Jordan Subban (Healthy), Steven Santini (Healthy), Joshua Jacobs (Healthy), Jacob Middleton (Healthy), Dave Dziurzynski (Right Hand Injury)
Hugo Fagerblom (Healthy)
% Time on Ice - Wolfes
Lines # - Real PCT - Wanted PCT - Time Play
Normal Forward
1 - 23% - 25% - 10:55
2 - 29% - 25% - 13:35
3 - 24% - 25% - 11:23
4 - 24% - 25% - 11:30
Normal Defense
1 - 31% - 30% - 14:52
2 - 31% - 30% - 14:36
3 - 33% - 30% - 15:24
4 - 5% - 10% - 2:31
PP Forward
1 - 51% - 50% - 3:03
2 - 49% - 50% - 2:55
PP Defense
1 - 63% - 60% - 3:47
2 - 37% - 40% - 2:11
PK Forward
1 - 49% - 50% - 2:55
2 - 51% - 50% - 3:02
PK Defense
1 - 41% - 50% - 2:26
2 - 59% - 50% - 3:31
PK3 Forward
1 - 0% - 50%
2 - 0% - 50%
PK3 Defense
1 - 0% - 60%
2 - 0% - 40%
44 Forward
1 - 0% - 50%
2 - 0% - 50%
44 Defense
1 - 0% - 50%
2 - 0% - 50%
Last Minute Offensive - 0:00
Last Minute Defensive - 0:42
Total
Forward - 60:00
Defense - 60:00
|
% Time on Ice - Gangsters
Lines # - Real PCT - Wanted PCT - Time Play
Normal Forward
1 - 31% - 40% - 14:43
2 - 30% - 30% - 14:13
3 - 27% - 20% - 12:41
4 - 12% - 10% - 5:29
Normal Defense
1 - 38% - 40% - 17:59
2 - 31% - 30% - 14:35
3 - 27% - 20% - 12:39
4 - 4% - 10% - 1:53
PP Forward
1 - 58% - 60% - 3:27
2 - 42% - 40% - 2:30
PP Defense
1 - 63% - 60% - 3:44
2 - 37% - 40% - 2:13
PK Forward
1 - 70% - 60% - 4:12
2 - 30% - 40% - 1:46
PK Defense
1 - 59% - 60% - 3:30
2 - 41% - 40% - 2:28
PK3 Forward
1 - 0% - 60%
2 - 0% - 40%
PK3 Defense
1 - 0% - 60%
2 - 0% - 40%
44 Forward
1 - 0% - 60%
2 - 0% - 40%
44 Defense
1 - 0% - 60%
2 - 0% - 40%
Last Minute Offensive - 0:59
Last Minute Defensive - 0:00
Total
Forward - 60:00
Defense - 60:00
|
Play-by-Play
1st period
0:01 of 1st period - Chris Tierney wins face-off versus Kevin Roy in neutral zone.
0:32 of 1st period - Snap shot by Devante Smith-Pelly.
0:32 of 1st period - Deflect By Phillip Danault.
0:32 of 1st period - Stopped by Laurent Brossoit without a rebound.
0:33 of 1st period - Adam Lowry wins face-off versus Victor Olofsson in Wolfes zone.
0:34 of 1st period - Wrist shot by Devante Smith-Pelly.
0:34 of 1st period - Stopped by Laurent Brossoit with a rebound.
0:36 of 1st period - Slapshot by Jonas Brodin.
0:36 of 1st period - Shot Blocked by Anton Lindholm.
0:46 of 1st period - Wrist shot by Phillip Danault.
0:46 of 1st period - Shot Misses the Net.
0:48 of 1st period - Slapshot by Jonas Brodin.
0:48 of 1st period - Stopped by Laurent Brossoit with a rebound.
1:24 of 1st period - Snap shot by Sebastian Collberg.
1:24 of 1st period - Shot Blocked by Jeffrey Foss.
1:26 of 1st period - Snap shot by Richard Panik.
1:26 of 1st period - Shot Misses the Net.
1:28 of 1st period - Slapshot by Brett Ponich.
1:28 of 1st period - Stopped by Laurent Brossoit without a rebound.
1:29 of 1st period - Kyle Rau wins face-off versus David Pope in Wolfes zone.
2:07 of 1st period - Snap shot by Benn Ferriero.
2:07 of 1st period - Stopped by Dustin Tokarski without a rebound.
2:08 of 1st period - Adam Lowry wins face-off versus Martin Hanzal in Gangsters zone.
2:21 of 1st period - Snap shot by Devante Smith-Pelly.
2:21 of 1st period - Shot Misses the Net.
2:23 of 1st period - Slapshot by Brett Ponich.
2:23 of 1st period - Stopped by Laurent Brossoit without a rebound.
2:24 of 1st period - Scott Timmins wins face-off versus Jake Marchment in Wolfes zone.
2:34 of 1st period - Off-side.
2:35 of 1st period - Kyle Rau wins face-off versus Adam Lowry in neutral zone.
2:49 of 1st period - Minor Penalty to Joe Morrow for Tripping.
2:50 of 1st period - Kevin Roy wins face-off versus Chris Tierney in Wolfes zone.
3:22 of 1st period - Anton Lindholm is hit by Phillip Danault and loses puck.
4:49 of 1st period - Penalty to Joe Morrow is over, Joe Morrow is back on ice.
5:02 of 1st period - Slapshot by Alexandre Grenier.
5:02 of 1st period - Stopped by Dustin Tokarski without a rebound.
5:03 of 1st period - Kyle Rau wins face-off versus Jake Marchment in Gangsters zone.
5:46 of 1st period - Slapshot by Jeffrey Foss.
5:46 of 1st period - Shot Misses the Net.
5:58 of 1st period - Snap shot by Derrick Pouliot.
5:58 of 1st period - Shot Blocked by Jeffrey Foss.
6:00 of 1st period - Wrist shot by Stefan Noesen.
6:00 of 1st period - Stopped by Laurent Brossoit without a rebound.
6:01 of 1st period - Scott Timmins wins face-off versus Kevin Roy in Wolfes zone.
7:19 of 1st period - Snap shot by Morgan Ellis.
7:19 of 1st period - Stopped by Laurent Brossoit with a rebound.
7:21 of 1st period - Wrist shot by Jonas Brodin.
7:21 of 1st period - Shot Blocked by Sergei Plotnikov.
7:23 of 1st period - Snap shot by Jonas Brodin.
7:23 of 1st period - Shot Misses the Net.
7:25 of 1st period - Snap shot by Jonas Brodin.
7:25 of 1st period - Stopped by Laurent Brossoit without a rebound.
7:26 of 1st period - Scott Timmins wins face-off versus Sebastian Collberg in Wolfes zone.
7:26 of 1st period - Scott Timmins is hit by Morgan Ellis.
7:44 of 1st period - Minor Penalty to Julius Vahatalo for Interference.
7:45 of 1st period - Chris Tierney wins face-off versus Richard Panik in Gangsters zone.
8:21 of 1st period - Snap shot by Benn Ferriero.
8:21 of 1st period - Shot Misses the Net.
9:19 of 1st period - Michael Stone is hit by Stefan Noesen and loses puck.
9:44 of 1st period - Penalty to Julius Vahatalo is over, Julius Vahatalo is back on ice.
10:36 of 1st period - Slapshot by Derrick Pouliot.
10:36 of 1st period - Stopped by Laurent Brossoit with a rebound.
10:38 of 1st period - Slapshot by Derrick Pouliot.
10:38 of 1st period - Shot Misses the Net.
10:40 of 1st period - Slapshot by Ryan Culkin.
10:40 of 1st period - Stopped by Laurent Brossoit with a rebound.
10:42 of 1st period - Snap shot by Jake Marchment.
10:42 of 1st period - Shot Blocked by Zachary Sanford.
11:14 of 1st period - Icing by Richard Panik.
11:15 of 1st period - Benn Ferriero wins face-off versus Adam Lowry in Gangsters zone.
11:22 of 1st period - Ryan Culkin is hit by Anton Karlsson and loses puck.
11:45 of 1st period - Richard Panik is hit by Michael Stone and loses puck.
11:56 of 1st period - Snap shot by Vladimir Zharkov.
11:56 of 1st period - Deflect By Stefan Noesen.
11:56 of 1st period - Stopped by Dustin Tokarski with a rebound.
11:58 of 1st period - Slapshot by Zachary Sanford.
11:58 of 1st period - Shot Misses the Net.
12:00 of 1st period - Slapshot by Michael Stone.
12:00 of 1st period - Shot Misses the Net.
12:44 of 1st period - Snap shot by Stefan Noesen.
12:44 of 1st period - Shot Misses the Net.
13:16 of 1st period - Snap shot by Phillip Danault.
13:16 of 1st period - Shot Misses the Net.
13:53 of 1st period - Slapshot by Sergei Plotnikov.
13:53 of 1st period - Deflect By Martin Hanzal.
13:53 of 1st period - Shot Misses the Net.
13:53 of 1st period - Puck is out of play.
13:54 of 1st period - Kevin Roy wins face-off versus Chris Tierney in Gangsters zone.
13:54 of 1st period - Kevin Roy is hit by Anton Lindholm.
14:08 of 1st period - Wrist shot by Chris Tierney.
14:08 of 1st period - Stopped by Dustin Tokarski without a rebound.
14:09 of 1st period - Martin Hanzal wins face-off versus Adam Lowry in Gangsters zone.
14:10 of 1st period - Slapshot by Sergei Plotnikov.
14:10 of 1st period - Stopped by Dustin Tokarski without a rebound.
14:11 of 1st period - Adam Lowry wins face-off versus Martin Hanzal in Gangsters zone.
14:18 of 1st period - Slapshot by Martin Hanzal.
14:18 of 1st period - Shot Blocked by Devante Smith-Pelly.
14:24 of 1st period - Snap shot by Martin Hanzal.
14:24 of 1st period - Stopped by Dustin Tokarski with a rebound.
14:26 of 1st period - Snap shot by Martin Hanzal.
14:26 of 1st period - Deflect By Sergei Plotnikov.
14:26 of 1st period - Stopped by Dustin Tokarski without a rebound.
14:27 of 1st period - Chris Tierney wins face-off versus Kevin Roy in Gangsters zone.
14:30 of 1st period - Snap shot by Benn Ferriero.
14:30 of 1st period - Goal by Benn Ferriero - Wolfes : 1 - Gangsters : 0.
14:31 of 1st period - Kevin Roy wins face-off versus Chris Tierney in neutral zone.
14:42 of 1st period - Wrist shot by Richard Panik.
14:42 of 1st period - Stopped by Laurent Brossoit with a rebound.
14:44 of 1st period - Snap shot by Richard Panik.
14:44 of 1st period - Stopped by Laurent Brossoit with a rebound.
15:48 of 1st period - Wrist shot by David Pope.
15:48 of 1st period - Stopped by Laurent Brossoit with a rebound.
16:05 of 1st period - Slapshot by Blake Pietila.
16:05 of 1st period - Stopped by Dustin Tokarski without a rebound.
16:06 of 1st period - Scott Timmins wins face-off versus Kevin Roy in Gangsters zone.
16:38 of 1st period - Snap shot by Alexandre Grenier.
16:38 of 1st period - Stopped by Dustin Tokarski with a rebound.
17:03 of 1st period - Snap shot by Alexandre Grenier.
17:03 of 1st period - Shot Misses the Net.
17:05 of 1st period - Wrist shot by Scott Timmins.
17:05 of 1st period - Stopped by Dustin Tokarski with a rebound.
17:32 of 1st period - Wrist shot by Blake Pietila.
17:32 of 1st period - Shot Misses the Net.
17:34 of 1st period - Snap shot by Blake Pietila.
17:34 of 1st period - Shot Misses the Net.
17:47 of 1st period - Off-side.
17:48 of 1st period - Martin Hanzal wins face-off versus Adam Lowry in neutral zone.
18:26 of 1st period - Icing by Matt Delahey.
18:27 of 1st period - Jake Marchment wins face-off versus Kyle Rau in Gangsters zone.
18:27 of 1st period - Jake Marchment is hit by Kyle Rau.
18:43 of 1st period - Snap shot by Stefan Noesen.
18:43 of 1st period - Stopped by Laurent Brossoit with a rebound.
18:45 of 1st period - Slapshot by Brett Ponich.
18:45 of 1st period - Shot Blocked by Vladimir Zharkov.
18:47 of 1st period - Slapshot by Brett Ponich.
18:47 of 1st period - Stopped by Laurent Brossoit with a rebound.
18:51 of 1st period - Snap shot by Stefan Noesen.
18:51 of 1st period - Stopped by Laurent Brossoit with a rebound.
19:19 of 1st period - Wrist shot by Stefan Noesen.
19:19 of 1st period - Stopped by Laurent Brossoit with a rebound.
19:25 of 1st period - Slapshot by Matt Delahey.
19:25 of 1st period - Stopped by Laurent Brossoit with a rebound.
19:27 of 1st period - Wrist shot by Jake Marchment.
19:27 of 1st period - Shot Blocked by Jamie Oleksiak.
19:29 of 1st period - Slapshot by Brett Ponich.
19:29 of 1st period - Stopped by Laurent Brossoit without a rebound.
19:30 of 1st period - Martin Hanzal wins face-off versus Adam Lowry in Wolfes zone.
19:37 of 1st period - Snap shot by Sergei Plotnikov.
19:37 of 1st period - Shot Blocked by Adam Lowry.
19:39 of 1st period - Snap shot by Anton Lindholm.
19:39 of 1st period - Shot Blocked by Devante Smith-Pelly.
19:41 of 1st period - Wrist shot by Sergei Plotnikov.
19:41 of 1st period - Stopped by Dustin Tokarski without a rebound.
19:42 of 1st period - Adam Lowry wins face-off versus Chris Tierney in Gangsters zone.
Goals for this period are 1 for Wolfes vs 0 for Gangsters.
Shots for this period are 12 for Wolfes vs 19 for Gangsters.
2nd period
0:01 of 2nd period - Kevin Roy wins face-off versus Martin Hanzal in neutral zone.
0:03 of 2nd period - Off-side.
0:04 of 2nd period - Kevin Roy wins face-off versus Martin Hanzal in neutral zone.
0:09 of 2nd period - Snap shot by Richard Panik.
0:09 of 2nd period - Shot Misses the Net.
0:15 of 2nd period - Wrist shot by Sergei Plotnikov.
0:15 of 2nd period - Stopped by Dustin Tokarski without a rebound.
0:16 of 2nd period - Martin Hanzal wins face-off versus Kevin Roy in Gangsters zone.
0:48 of 2nd period - Slapshot by Benn Ferriero.
0:48 of 2nd period - Stopped by Dustin Tokarski with a rebound.
1:06 of 2nd period - Wrist shot by Kyle Rau.
1:06 of 2nd period - Shot Blocked by Brett Ponich.
1:08 of 2nd period - Snap shot by Michael Stone.
1:08 of 2nd period - Shot Blocked by Brett Ponich.
1:10 of 2nd period - Snap shot by Zachary Sanford.
1:10 of 2nd period - Stopped by Dustin Tokarski with a rebound.
1:12 of 2nd period - Slapshot by Michael Stone.
1:12 of 2nd period - Deflect By Matt Delahey.
1:12 of 2nd period - Stopped by Dustin Tokarski with a rebound.
1:30 of 2nd period - Snap shot by Alexandre Grenier.
1:30 of 2nd period - Shot Blocked by Matt Delahey.
1:32 of 2nd period - Slapshot by Michael Stone.
1:32 of 2nd period - Shot Misses the Net.
1:34 of 2nd period - Slapshot by Alexandre Grenier.
1:34 of 2nd period - Shot Blocked by Brett Ponich.
1:36 of 2nd period - Snap shot by Scott Timmins.
1:36 of 2nd period - Goal by Scott Timmins - Wolfes : 2 - Gangsters : 0.
1:37 of 2nd period - Kevin Roy wins face-off versus Chris Tierney in neutral zone.
1:44 of 2nd period - Slapshot by Richard Panik.
1:44 of 2nd period - Shot Blocked by Joe Morrow.
1:47 of 2nd period - Icing by Joe Morrow.
1:48 of 2nd period - Chris Tierney wins face-off versus Kevin Roy in Wolfes zone.
3:03 of 2nd period - Slapshot by Matt Delahey.
3:03 of 2nd period - Stopped by Laurent Brossoit with a rebound.
3:13 of 2nd period - Slapshot by Richard Panik.
3:13 of 2nd period - Deflect By Kevin Roy.
3:13 of 2nd period - Stopped by Laurent Brossoit with a rebound.
3:29 of 2nd period - Wrist shot by Phillip Danault.
3:29 of 2nd period - Deflect By Devante Smith-Pelly.
3:29 of 2nd period - Shot Misses the Net.
3:29 of 2nd period - Puck is out of play.
3:30 of 2nd period - Martin Hanzal wins face-off versus Jake Marchment in Wolfes zone.
4:08 of 2nd period - Slapshot by Joe Morrow.
4:08 of 2nd period - Stopped by Dustin Tokarski with a rebound.
4:45 of 2nd period - Wrist shot by Kyle Rau.
4:45 of 2nd period - Stopped by Dustin Tokarski without a rebound.
4:46 of 2nd period - Samuel Blais wins face-off versus Martin Hanzal in Gangsters zone.
4:46 of 2nd period - Samuel Blais is hit by Sergei Plotnikov.
5:04 of 2nd period - Victor Olofsson is hit by Jake Marchment and loses puck.
6:04 of 2nd period - Slapshot by Blake Pietila.
6:04 of 2nd period - Deflect By David Pope.
6:04 of 2nd period - Shot Misses the Net.
6:04 of 2nd period - Puck is out of play.
6:05 of 2nd period - Scott Timmins wins face-off versus Adam Lowry in Gangsters zone.
6:26 of 2nd period - Double Minor Penalty to Adam Lowry for Roughing.
6:27 of 2nd period - Martin Hanzal wins face-off versus Richard Panik in Gangsters zone.
6:40 of 2nd period - Devante Smith-Pelly is hit by Joe Morrow and loses puck.
8:25 of 2nd period - Brett Ponich is hit by Jeffrey Foss.
10:26 of 2nd period - Penalty to Adam Lowry is over, Adam Lowry is back on ice.
11:51 of 2nd period - Anton Lindholm is hit by David Pope and loses puck.
11:58 of 2nd period - Snap shot by Kevin Roy.
11:58 of 2nd period - Stopped by Laurent Brossoit with a rebound.
12:08 of 2nd period - Wrist shot by Richard Panik.
12:08 of 2nd period - Stopped by Laurent Brossoit with a rebound.
12:18 of 2nd period - Morgan Ellis is hit by Alexandre Grenier and loses puck.
13:12 of 2nd period - Sergei Plotnikov is hit by Julius Vahatalo and loses puck.
13:25 of 2nd period - Derrick Pouliot is hit by Chris Tierney and loses puck.
13:36 of 2nd period - Scott Timmins is hit by Derrick Pouliot and loses puck.
14:00 of 2nd period - Wrist shot by Stefan Noesen.
14:00 of 2nd period - Deflect By Samuel Blais.
14:00 of 2nd period - Goal by Samuel Blais - Wolfes : 2 - Gangsters : 1.
14:01 of 2nd period - Chris Tierney wins face-off versus Kevin Roy in neutral zone.
14:06 of 2nd period - Slapshot by Wes O'Neill.
14:06 of 2nd period - Deflect By Anton Karlsson.
14:06 of 2nd period - Stopped by Dustin Tokarski without a rebound.
14:07 of 2nd period - Chris Tierney wins face-off versus Kevin Roy in Gangsters zone.
14:39 of 2nd period - Icing by Phillip Danault.
14:40 of 2nd period - Phillip Danault wins face-off versus Victor Olofsson in Gangsters zone.
14:55 of 2nd period - Snap shot by Martin Hanzal.
14:55 of 2nd period - Stopped by Dustin Tokarski without a rebound.
14:56 of 2nd period - Kevin Roy wins face-off versus Chris Tierney in Gangsters zone.
15:32 of 2nd period - Off-side.
15:33 of 2nd period - Scott Timmins wins face-off versus Kevin Roy in neutral zone.
15:36 of 2nd period - Slapshot by Jeffrey Foss.
15:36 of 2nd period - Stopped by Dustin Tokarski with a rebound.
16:19 of 2nd period - Wrist shot by Martin Hanzal.
16:19 of 2nd period - Deflect By Morgan Ellis.
16:19 of 2nd period - Shot Misses the Net.
16:19 of 2nd period - Puck is out of play.
16:20 of 2nd period - Martin Hanzal wins face-off versus Kevin Roy in Gangsters zone.
16:41 of 2nd period - Minor Penalty to Michael Stone for Elbowing.
16:42 of 2nd period - Chris Tierney wins face-off versus Kevin Roy in Wolfes zone.
16:42 of 2nd period - Chris Tierney is hit by Kevin Roy.
17:31 of 2nd period - Morgan Ellis is hit by Alexandre Grenier and loses puck.
18:32 of 2nd period - Richard Panik is hit by Jamie Oleksiak and loses puck.
18:41 of 2nd period - Penalty to Michael Stone is over, Michael Stone is back on ice.
19:11 of 2nd period - Wes O'Neill is hit by Connor Chatam and loses puck.
19:30 of 2nd period - Snap shot by Martin Hanzal.
19:30 of 2nd period - Shot Blocked by Stefan Noesen.
19:52 of 2nd period - Off-side.
19:53 of 2nd period - Kyle Rau wins face-off versus Richard Panik in neutral zone.
Goals for this period are 1 for Wolfes vs 1 for Gangsters.
Shots for this period are 10 for Wolfes vs 5 for Gangsters.
3rd period
0:01 of 3rd period - Chris Tierney wins face-off versus Kevin Roy in neutral zone.
0:03 of 3rd period - Off-side.
0:04 of 3rd period - Chris Tierney wins face-off versus Kevin Roy in neutral zone.
0:55 of 3rd period - Samuel Blais is hit by Michael Stone and loses puck.
1:47 of 3rd period - Wrist shot by Alexandre Grenier.
1:47 of 3rd period - Shot Misses the Net.
2:05 of 3rd period - Slapshot by Ryan Culkin.
2:05 of 3rd period - Shot Blocked by Jamie Oleksiak.
2:11 of 3rd period - Jeffrey Foss is hit by Morgan Ellis and loses puck.
2:29 of 3rd period - Snap shot by Devante Smith-Pelly.
2:29 of 3rd period - Shot Blocked by Wes O'Neill.
2:41 of 3rd period - Michael Stone is hit by Richard Panik and loses puck.
2:54 of 3rd period - Joe Morrow is hit by Richard Panik.
3:37 of 3rd period - Snap shot by Alexandre Grenier.
3:37 of 3rd period - Shot Misses the Net.
3:39 of 3rd period - Wrist shot by Alexandre Grenier.
3:39 of 3rd period - Shot Misses the Net.
3:41 of 3rd period - Slapshot by Jeffrey Foss.
3:41 of 3rd period - Shot Blocked by Matt Delahey.
3:51 of 3rd period - Wrist shot by Blake Pietila.
3:51 of 3rd period - Stopped by Dustin Tokarski without a rebound.
3:52 of 3rd period - Adam Lowry wins face-off versus Martin Hanzal in Gangsters zone.
4:17 of 3rd period - Wrist shot by Richard Panik.
4:17 of 3rd period - Deflect By David Pope.
4:17 of 3rd period - Shot Misses the Net.
4:17 of 3rd period - Puck is out of play.
4:18 of 3rd period - Kevin Roy wins face-off versus Anton Karlsson in Wolfes zone.
4:19 of 3rd period - Wrist shot by Richard Panik.
4:19 of 3rd period - Stopped by Laurent Brossoit with a rebound.
4:21 of 3rd period - Snap shot by David Pope.
4:21 of 3rd period - Deflect By Kevin Roy.
4:21 of 3rd period - Shot Blocked by Anton Lindholm.
4:21 of 3rd period - Puck is out of play.
4:22 of 3rd period - Kevin Roy wins face-off versus Chris Tierney in Wolfes zone.
4:31 of 3rd period - Slapshot by David Pope.
4:31 of 3rd period - Shot Blocked by Anton Lindholm.
4:33 of 3rd period - Slapshot by Kevin Roy.
4:33 of 3rd period - Shot Blocked by Chris Tierney.
4:35 of 3rd period - Slapshot by Derrick Pouliot.
4:35 of 3rd period - Shot Misses the Net.
4:49 of 3rd period - Slapshot by Joe Morrow.
4:49 of 3rd period - Deflect By Kyle Rau.
4:49 of 3rd period - Deflect By Phillip Danault.
4:49 of 3rd period - Stopped by Dustin Tokarski with a rebound.
4:53 of 3rd period - Snap shot by Zachary Sanford.
4:53 of 3rd period - Shot Misses the Net.
4:55 of 3rd period - Snap shot by Kyle Rau.
4:55 of 3rd period - Stopped by Dustin Tokarski without a rebound.
4:56 of 3rd period - Kyle Rau wins face-off versus Kevin Roy in Gangsters zone.
5:11 of 3rd period - Backhand shot by Vladimir Zharkov.
5:11 of 3rd period - Shot Blocked by Brett Ponich.
5:21 of 3rd period - Sergei Plotnikov is hit by Adam Lowry and loses puck.
6:24 of 3rd period - Minor Penalty to Anton Lindholm for Hooking.
6:25 of 3rd period - Martin Hanzal wins face-off versus Kevin Roy in Wolfes zone.
6:31 of 3rd period - Icing by Richard Panik.
6:32 of 3rd period - Chris Tierney wins face-off versus Kevin Roy in Gangsters zone.
8:10 of 3rd period - Jamie Oleksiak is hit by Adam Lowry and loses puck.
8:24 of 3rd period - Penalty to Anton Lindholm is over, Anton Lindholm is back on ice.
9:08 of 3rd period - Jonas Brodin is hit by Martin Hanzal and loses puck.
9:34 of 3rd period - Sebastian Collberg is hit by Joe Morrow and loses puck.
10:34 of 3rd period - Slapshot by Vladimir Zharkov.
10:34 of 3rd period - Deflect By Chris Tierney.
10:34 of 3rd period - Stopped by Dustin Tokarski without a rebound.
10:35 of 3rd period - Vladimir Zharkov wins face-off versus Adam Lowry in Gangsters zone.
10:42 of 3rd period - Snap shot by Vladimir Zharkov.
10:42 of 3rd period - Stopped by Dustin Tokarski without a rebound.
10:43 of 3rd period - Adam Lowry wins face-off versus Martin Hanzal in Gangsters zone.
10:52 of 3rd period - Snap shot by Phillip Danault.
10:52 of 3rd period - Shot Blocked by Sergei Plotnikov.
10:54 of 3rd period - Snap shot by Phillip Danault.
10:54 of 3rd period - Stopped by Laurent Brossoit with a rebound.
11:26 of 3rd period - Jonas Brodin is hit by Chris Tierney and loses puck.
11:49 of 3rd period - Blake Pietila is hit by Phillip Danault.
11:50 of 3rd period - Icing by Blake Pietila.
11:51 of 3rd period - Devante Smith-Pelly wins face-off versus Scott Timmins in Wolfes zone.
11:54 of 3rd period - Slapshot by Phillip Danault.
11:54 of 3rd period - Stopped by Laurent Brossoit with a rebound.
12:24 of 3rd period - Snap shot by Sergei Plotnikov.
12:24 of 3rd period - Stopped by Dustin Tokarski with a rebound.
12:26 of 3rd period - Snap shot by Victor Olofsson.
12:26 of 3rd period - Shot Misses the Net.
12:28 of 3rd period - Snap shot by Jeffrey Foss.
12:28 of 3rd period - Stopped by Dustin Tokarski without a rebound.
12:29 of 3rd period - Adam Lowry wins face-off versus Chris Tierney in Gangsters zone.
12:41 of 3rd period - Off-side.
12:42 of 3rd period - Kevin Roy wins face-off versus Kyle Rau in neutral zone.
12:59 of 3rd period - Off-side.
13:00 of 3rd period - Adam Lowry wins face-off versus Sergei Plotnikov in neutral zone.
13:10 of 3rd period - Icing by Michael Stone.
13:11 of 3rd period - Kevin Roy wins face-off versus Martin Hanzal in Wolfes zone.
13:40 of 3rd period - Wrist shot by Anton Karlsson.
13:40 of 3rd period - Shot Blocked by Devante Smith-Pelly.
14:48 of 3rd period - Snap shot by Devante Smith-Pelly.
14:48 of 3rd period - Shot Misses the Net.
15:18 of 3rd period - Wrist shot by Blake Pietila.
15:18 of 3rd period - Stopped by Dustin Tokarski without a rebound.
15:19 of 3rd period - Jake Marchment wins face-off versus Scott Timmins in Gangsters zone.
15:32 of 3rd period - Wrist shot by Michael Stone.
15:32 of 3rd period - Shot Blocked by Jake Marchment.
15:44 of 3rd period - Snap shot by Vladimir Zharkov.
15:44 of 3rd period - Stopped by Dustin Tokarski with a rebound.
16:18 of 3rd period - Wrist shot by Sergei Plotnikov.
16:18 of 3rd period - Stopped by Dustin Tokarski with a rebound.
16:38 of 3rd period - Snap shot by Benn Ferriero.
16:38 of 3rd period - Shot Misses the Net.
19:18 of 3rd period - Gangsters, Dustin Tokarski is pulled from the net.
19:24 of 3rd period - Snap shot by David Pope.
19:24 of 3rd period - Stopped by Laurent Brossoit without a rebound.
19:25 of 3rd period - Jack Capuano call a timeout for Gangsters.
19:25 of 3rd period - Chris Tierney wins face-off versus Connor Chatam in Wolfes zone.
19:29 of 3rd period - Off-side.
19:30 of 3rd period - Kevin Roy wins face-off versus Alexandre Grenier in neutral zone.
19:45 of 3rd period - Wrist shot by Alexandre Grenier.
19:45 of 3rd period - Shot Misses the Net.
19:47 of 3rd period - Snap shot by Anton Lindholm.
19:47 of 3rd period - Goal by Anton Lindholm - Wolfes : 3 - Gangsters : 1.
19:47 of 3rd period - Dustin Tokarski from Gangsters was sent back in the game.
19:48 of 3rd period - Richard Panik wins face-off versus Vladimir Zharkov in neutral zone.
19:57 of 3rd period - Snap shot by Zachary Sanford.
19:57 of 3rd period - Shot Misses the Net.
19:59 of 3rd period - Snap shot by Zachary Sanford.
19:59 of 3rd period - Stopped by Dustin Tokarski without a rebound.
Goals for this period are 1 for Wolfes vs 0 for Gangsters.
Shots for this period are 12 for Wolfes vs 4 for Gangsters.
Back to the Top